 Dungeon Crawl Stone Soup version 0.27.1-3-gb3d3a73c9e (webtiles) character file.

Game seed: 5480873436184247502

176 DearestLeader the Covered (level 5, -2/41 HPs)
             Began as a Gnoll Wanderer on Oct 14, 2021.
             Was an Initiate of Okawaru.
             Slain by a scorpion (6 damage)
             ... on level 5 of the Dungeon on Oct 18, 2021.
             The game lasted 00:05:33 (4642 turns).

DearestLeader the Covered (Gnoll Wanderer)          Turns: 4642, Time: 00:05:33

Health: -2/41      AC: 11    Str: 12    XL:     5   Next: 56%
Magic:  16/16      EV:  5    Int: 12    God:    Okawaru [......]
Gold:   190        SH:  3    Dex: 11    Spells: 7/7 levels left

rFire    . . .     SeeInvis .   g - +0 falchion
rCold    . . .     Faith    .   j - +0 buckler
rNeg     . . .     Spirit   .   p - +0 chain mail
rPois    .         Reflect  .   (no helmet)
rElec    .         Harm     .   (no cloak)
rCorr    .         Rampage  .   (no gloves)
Will     .....                  o - +0 pair of boots
Stlth    ..........             (no amulet)
HPRegen  0.13/turn              e - ring of magical power
MPRegen  0.15/turn              (no ring)

@: lethally poisoned (-2 -> -3)
A: fangs 1, strong nose, distributed training
a: Renounce Religion


You were on level 5 of the Dungeon.
You worshipped Okawaru.
Okawaru was noncommittal.
You visited 2 branches of the dungeon, and saw 6 of its levels.

You collected 190 gold pieces.

Inventory:

Hand Weapons
 a - a +2 dagger
 g - a +0 falchion (weapon)
Missiles
 l - 60 arrows
Armour
 c - a +0 ring mail
 j - a +0 buckler (worn)
 k - a +0 scale mail
 o - a +0 pair of boots (worn)
 p - a +0 chain mail (worn)
 t - a +1 robe of willpower
Jewellery
 e - a ring of magical power (left hand)
 x - an amulet of faith
Wands
 h - a wand of charming (10)
 s - a wand of iceblast (17)
Scrolls
 b - a scroll of fear
 f - 2 scrolls of enchant weapon {unknown}
 n - a scroll of teleportation {unknown}
 q - a scroll of noise {unknown}
 u - 2 scrolls of torment {unknown}
Potions
 d - 2 potions of curing
 i - a potion of heal wounds {unknown}
 m - a potion of resistance {unknown}
 r - a potion of flight
 v - a potion of magic {unknown}
 w - 2 potions of mutation {unknown}


   Skills:
 + Level 3.0 Fighting
 + Level 1.5 Short Blades
 + Level 4.8 Long Blades
 + Level 1.5 Axes
 + Level 1.5 Maces & Flails
 + Level 1.5 Polearms
 + Level 1.5 Staves
 + Level 1.5 Slings
 + Level 3.0 Bows
 + Level 1.5 Crossbows
 + Level 4.8 Throwing
 + Level 6.7 Armour
 + Level 1.5 Dodging
 + Level 2.8 Stealth
 + Level 1.5 Shields
 + Level 1.5 Unarmed Combat
 + Level 1.5 Spellcasting
 + Level 1.2 Conjurations
 + Level 1.2 Hexes
 + Level 1.2 Summonings
 + Level 1.2 Necromancy
 + Level 1.2 Translocations
 + Level 1.2 Transmutations
 + Level 1.2 Fire Magic
 + Level 1.2 Ice Magic
 + Level 1.2 Air Magic
 + Level 1.2 Earth Magic
 + Level 1.2 Poison Magic
 + Level 1.7 Invocations
 + Level 1.5 Evocations


You had 7 spell levels left.
You didn't know any spells.
Your spell library contained the following spells:

 Spells                   Type           Power      Damage    Failure   Level
 Sandblast                Erth           6%         2d5       100%        1
 Passwall                 Tmut/Erth      2%         N/A       100%        2
 Slow                     Hex            3%         N/A       100%        2
 Static Discharge         Conj/Air       3%         N/A       100%        2
 Confusing Touch          Hex            3%         N/A       100%        3
 Vampiric Draining        Necr           1%         2d6       100%        3
 Dispel Undead            Necr           3%         3d7       100%        4
 Sticky Flame             Conj/Fire      3%         2d3       100%        4
 Lee's Rapid Deconstruct  Erth           1%         3d5*      100%        5


Dungeon Overview and Level Annotations

Branches:
Dungeon (5/15)             Temple (1/1) D:4

Altars:
Cheibriados
Elyvilon
Nemelex Xobeh
Okawaru
Ru
Yredelemnul


Innate Abilities, Weirdness & Mutations

You have very sharp teeth.
Your uncanny sense of smell can sniff out nearby items.
Your experience applies equally to all skills.


Message History

You hit the scorpion.
The scorpion is moderately wounded.
The scorpion stings you but does no damage.
You closely miss the scorpion.
The scorpion is moderately wounded.
The scorpion stings you but does no damage.
You barely miss the scorpion.
The scorpion is moderately wounded.
The scorpion stings you!
Your chain mail prevents you from hitting the scorpion.
The scorpion is moderately wounded.
The scorpion stings you but does no damage.
The scorpion stings you.
You are poisoned.
The scorpion poisons you!
You are too injured to fight recklessly!
You hit the scorpion.
The scorpion is moderately wounded.
You feel very sick. The scorpion stings you.
* * * LOW HITPOINT WARNING * * *
You closely miss the scorpion.
The scorpion is moderately wounded.
You feel sick. You block the scorpion's attack.
You closely miss the scorpion. Your bite misses the scorpion.
The scorpion is moderately wounded.
You feel sick. The scorpion barely misses you.
The scorpion stings you but does no damage.
You hit the scorpion.
The scorpion is heavily wounded.
You feel sick. The scorpion stings you.
* * * LOW HITPOINT WARNING * * *
You hit the scorpion.
The scorpion is almost dead.
You feel sick.
The scorpion stings you but does no damage.
You closely miss the scorpion.
The scorpion is almost dead.
You feel sick. The scorpion stings you.
You die...

#... #..
.###...
####..##.#....#
.........#....#
.........#....#
.......#....#
.....#....#
#.s##....#
##.@#...<##
+...#....#
#...#..>.#
#...'....#
#...#....#
#####....#
######


You could see a scorpion.

Vanquished Creatures
  A jelly (D:4)
  Natasha (D:4)
  An orc wizard (D:4)
  2 adders
  A worm (D:2)
  6 dart slugs
  4 orcs
  3 ball pythons
  8 endoplasms
  3 giant cockroaches
  6 goblins
  4 hobgoblins
  2 bats
  4 frilled lizards
  8 kobolds
  A quokka skeleton (D:4)
  5 rats
60 creatures vanquished.

Vanquished Creatures (others)
  4 toadstools (D:1)
4 creatures vanquished.

Grand Total: 64 creatures vanquished

Notes
Turn   | Place    | Note
-------+----------+-------------------------------------------
     0 | D:1      | DearestLeader the Gnoll Wanderer began the quest for the
                  | Orb.
     0 | D:1      | DearestLeader set off with the following items: a +2
                  | dagger, a scroll of fear, a +0 ring mail, a potion of
                  | curing
     0 | D:1      | Reached XP level 1. HP: 17/17 MP: 1/1
   193 | D:1      | Reached XP level 2. HP: 21/23 MP: 2/2
   587 | D:1      | Reached XP level 3. HP: 26/28 MP: 3/3
  1136 | D:2      | Reached skill level 1 in Invocations
  1301 | D:2      | Found a faded altar of an unknown god.
  1454 | D:2      | Reached skill level 1 in Short Blades
  1454 | D:2      | Reached skill level 1 in Axes
  1454 | D:2      | Reached skill level 1 in Maces & Flails
  1454 | D:2      | Reached skill level 1 in Polearms
  1454 | D:2      | Reached skill level 1 in Staves
  1454 | D:2      | Reached skill level 1 in Slings
  1454 | D:2      | Reached skill level 1 in Crossbows
  1454 | D:2      | Reached skill level 1 in Dodging
  1454 | D:2      | Reached skill level 1 in Shields
  1454 | D:2      | Reached skill level 1 in Unarmed Combat
  1454 | D:2      | Reached skill level 1 in Spellcasting
  1454 | D:2      | Reached skill level 1 in Evocations
  1669 | D:2      | Reached XP level 4. HP: 34/34 MP: 5/5
  3264 | D:4      | Reached skill level 1 in Conjurations
  3264 | D:4      | Reached skill level 1 in Hexes
  3264 | D:4      | Reached skill level 1 in Summonings
  3264 | D:4      | Reached skill level 1 in Necromancy
  3264 | D:4      | Reached skill level 1 in Translocations
  3264 | D:4      | Reached skill level 1 in Transmutations
  3264 | D:4      | Reached skill level 1 in Fire Magic
  3264 | D:4      | Reached skill level 1 in Ice Magic
  3264 | D:4      | Reached skill level 1 in Air Magic
  3264 | D:4      | Reached skill level 1 in Earth Magic
  3264 | D:4      | Reached skill level 1 in Poison Magic
  3517 | D:4      | Found a staircase to the Ecumenical Temple.
  3531 | Temple   | Entered the Ecumenical Temple
  3549 | Temple   | Became a worshipper of Warmaster Okawaru
  3611 | D:4      | Reached XP level 5. HP: 40/40 MP: 6/6
  3923 | D:4      | Noticed Natasha
  3939 | D:4      | Killed Natasha
  4322 | D:4      | Noticed a water moccasin
  4339 | D:5      | Entered Level 5 of the Dungeon
  4642 | D:5      | Slain by a scorpion

Illustrated notes

Levels and vault maps discovered:
D:1:      ldierk_water_garden, layout_basic
D:2:      layout_loops_cross, shapermc_ecumenical_altar_notcrosses,
          hangedman_feature_mirror, grunt_ministairs_14
D:3:      layout_basic, dk_vineyard_2
D:4:      minmay_goblin_kobold_castle, layout_loops_ring,
          minmay_temple_entry_glassed_door, uniq_natasha
D:5:      layout_gridville, serial_shops, shop
Temple:   regret_index_temple_chain_breaker

Skill      XL: |  1  2  3  4  5 |
---------------+----------------+-----
Invocations    | 1 |  1.7
Short Blades   | 1 |  1.5
Axes           | 1 |  1.5
Maces & Flails | 1 |  1.5
Polearms       | 1 |  1.5
Staves         | 1 |  1.5
Slings         | 1 |  1.5
Crossbows      | 1 |  1.5
Dodging        | 1 |  1.5
Shields        | 1 |  1.5
Unarmed Combat | 1 |  1.5
Spellcasting   | 1 |  1.5
Evocations     | 1 |  1.5
Conjurations   | 1 |  1.2
Hexes          | 1 |  1.2
Summonings     | 1 |  1.2
Necromancy     | 1 |  1.2
Translocations | 1 |  1.2
Transmutations | 1 |  1.2
Fire Magic     | 1 |  1.2
Ice Magic      | 1 |  1.2
Air Magic      | 1 |  1.2
Earth Magic    | 1 |  1.2
Poison Magic   | 1 |  1.2
Fighting       | 3 |  3.0
Bows           | 3 |  3.0
Long Blades    | |  4.8
Throwing       | |  4.8
Armour         | |  6.7
Stealth        | |  2.8

Action                   |  1- 3 |  4- 6 || total
-------------------------+-------+-------++-------
Melee: Dagger            |    47 |       ||    47
       Bite              |    15 |     8 ||    23
       Falchion          |    72 |   171 ||   243
  Use: Potion            |       |     2 ||     2
       Scroll            |       |     1 ||     1
Armor: Ring mail         |    23 |       ||    23
       Scale mail        |    19 |    19 ||    38
       Chain mail        |       |    80 ||    80
Dodge: Dodged            |    50 |    35 ||    85
Block: Buckler           |     3 |    29 ||    32
       Rpst.: Falchion   |    11 |     5 ||    16
